[ AOE2 MATCH · #513746441 ]
UnrankedMongols vs Teutons
Player's team · LOSS
Rival team · WIN
[ REPLAY ANALYSIS · EXTRACTED FROM THE RECORDED GAME ]
Feudal
8:30
Castle
28:17
Imperial
—
| APM avg | 47.2 |
| APM peak | 81 |
| eAPM avg | 20.3 |
| Villagers / military | 60 / 20 |
Focus
⚔️ 30.2% · 🌾 69.8%
Archer ×9 · Spearman ×5 · Scout Cavalry ×4 · Monk ×2
Feudal
9:10
Castle
24:15
Imperial
—
| APM avg | 28.0 |
| APM peak | 62 |
| eAPM avg | 17.5 |
| Villagers / military | 68 / 28 |
Focus
⚔️ 24.5% · 🌾 75.5%
Knight ×28
Match map
Initial resources + every placement click. Lines = walls · curves = elevation contours. ◆ gold · ⬟ stone · ● berries · ✦ relic · ◌ wall gap
Your base· Open — unwalled flank
Lord_calderon's base· Open — unwalled flank
Smoothed initial terrain · ◌ = detected wall gap · hover for details
Inputs per minute
— Vegeta - - Lord_calderon
Build order — Vegeta
First 150 of 156 actions detected
| 0:01 | Queue | Villager (Male) |
| 0:01 | Queue | Villager (Male) |
| 0:02 | Queue | Villager (Male) |
| 0:02 | Build | House |
| 0:04 | Build | House |
| 0:12 | Queue | Villager (Male) |
| 1:23 | Queue | Villager (Male) |
| 2:04 | Queue | Villager (Male) |
| 2:32 | Queue | Villager (Male) |
| 2:35 | Queue | Villager (Male) |
| 2:46 | Build | Lumber Camp |
| 2:54 | Queue | Villager (Male) |
| 3:17 | Queue | Villager (Male) |
| 3:24 | Build | House |
| 3:29 | Queue | Villager (Male) |
| 4:09 | Queue | Villager (Male) |
| 4:14 | Build | Palisade Wall |
| 4:15 | Build | Palisade Wall |
| 4:17 | Build | Palisade Wall |
| 4:27 | Queue | Villager (Male) |
| 5:04 | Research | Loom |
| 5:20 | Queue | Villager (Male) |
| 5:20 | Queue | Villager (Male) |
| 5:20 | Queue | Villager (Male) |
| 5:22 | Queue | Villager (Male) |
| 5:38 | Queue | Villager (Male) |
| 5:40 | Build | Mill |
| 6:20 | Research | Feudal Age |
| 7:13 | Build | House |
| 7:42 | Build | Barracks |
| 8:30 | Age | Feudal Age |
| 8:37 | Queue | Villager (Male) |
| 8:39 | Build | Stable |
| 9:05 | Queue | Villager (Male) |
| 9:18 | Queue | Villager (Male) |
| 9:37 | Research | Town Watch |
| 9:37 | Research | Town Watch |
| 9:38 | Queue | Villager (Male) |
| 9:41 | Queue | Scout Cavalry |
| 9:42 | Queue | Scout Cavalry |
| 9:43 | Build | House |
| 9:44 | Build | Palisade Wall |
| 9:51 | Queue | Villager (Male) |
| 10:10 | Queue | Scout Cavalry |
| 10:27 | Build | Watch Tower |
| 10:28 | Queue | Scout Cavalry |
| 10:45 | Build | Mining Camp |
| 10:46 | Queue | Villager (Male) |
| 10:51 | Build | Farm |
| 10:52 | Build | Farm |
| 10:58 | Build | Farm |
| 11:03 | Build | House |
| 11:06 | Queue | Villager (Male) |
| 12:21 | Build | Farm |
| 12:21 | Build | Farm |
| 12:46 | Build | Farm |
| 13:07 | Build | Farm |
| 13:09 | Build | Farm |
| 13:17 | Build | Blacksmith |
| 14:01 | Queue | Villager (Male) |
| 14:08 | Research | Fletching |
| 14:08 | Research | Fletching |
| 14:14 | Build | Watch Tower |
| 15:04 | Build | Mill |
| 15:05 | Build | Farm |
| 15:06 | Build | Farm |
| 15:39 | Queue | Villager (Male) |
| 15:59 | Queue | Villager (Male) |
| 16:04 | Build | Archery Range |
| 16:42 | Queue | Villager (Male) |
| 17:08 | Queue | Villager (Male) |
| 17:42 | Queue | Villager (Male) |
| 17:43 | Queue | Archer |
| 17:46 | Build | House |
| 18:26 | Queue | Villager (Male) |
| 18:29 | Queue | Archer |
| 18:38 | Build | Mining Camp |
| 18:43 | Queue | Villager (Male) |
| 19:08 | Queue | Villager (Male) |
| 19:11 | Queue | Archer |
| 19:30 | Build | Watch Tower |
| 19:33 | Queue | Villager (Male) |
| 19:35 | Build | House |
| 19:49 | Build | Farm |
| 19:51 | Build | Farm |
| 19:53 | Queue | Villager (Male) |
| 20:04 | Build | House |
| 20:08 | Queue | Archer |
| 20:43 | Queue | Villager (Male) |
| 20:47 | Queue | Villager (Male) |
| 20:47 | Queue | Archer |
| 20:52 | Build | Palisade Wall |
| 20:54 | Build | Palisade Wall |
| 20:55 | Build | Palisade Wall |
| 20:56 | Queue | Archer |
| 21:04 | Queue | Villager (Male) |
| 21:11 | Queue | Villager (Male) |
| 21:12 | Queue | Archer |
| 21:30 | Queue | Villager (Male) |
| 21:31 | Queue | Archer |
| 21:33 | Queue | Villager (Male) |
| 21:37 | Build | Farm |
| 21:54 | Queue | Villager (Male) |
| 21:57 | Queue | Archer |
| 22:11 | Queue | Villager (Male) |
| 22:17 | Build | Farm |
| 22:18 | Build | Farm |
| 22:19 | Build | House |
| 22:24 | Queue | Villager (Male) |
| 22:41 | Research | Double-Bit Axe |
| 22:43 | Build | Farm |
| 23:00 | Queue | Villager (Male) |
| 23:07 | Queue | Villager (Male) |
| 23:23 | Queue | Villager (Male) |
| 23:27 | Build | Farm |
| 23:37 | Build | House |
| 23:45 | Build | Farm |
| 24:19 | Build | Market |
| 24:31 | Queue | Spearman |
| 24:31 | Queue | Spearman |
| 25:34 | Research | Castle Age |
| 25:54 | Queue | Spearman |
| 26:17 | Build | Farm |
| 26:32 | Build | House |
| 26:38 | Queue | Spearman |
| 26:50 | Build | Farm |
| 27:03 | Build | House |
| 27:13 | Research | Forging |
| 27:14 | Research | Forging |
| 27:19 | Build | Archery Range |
| 27:24 | Research | Padded Archer Armor |
| 27:47 | Build | Palisade Wall |
| 27:56 | Queue | Spearman |
| 28:17 | Age | Castle Age |
| 28:25 | Build | Town Center |
| 28:53 | Build | Monastery |
| 29:02 | Queue | Villager (Male) |
| 29:12 | Queue | Monk |
| 29:18 | Queue | Villager (Male) |
| 29:34 | Queue | Monk |
| 29:46 | Queue | Villager (Male) |
| 30:19 | Queue | Villager (Male) |
| 30:29 | Queue | Villager (Male) |
| 30:44 | Queue | Villager (Male) |
| 30:58 | Queue | Villager (Male) |
| 31:11 | Queue | Villager (Male) |
| 31:24 | Build | House |
| 31:25 | Build | House |
| 31:26 | Build | House |
| 31:26 | Build | House |
Build order — Lord_calderon
First 150 of 199 actions detected
| 0:02 | Queue | Villager (Male) |
| 0:02 | Queue | Villager (Male) |
| 0:03 | Build | House |
| 0:07 | Build | House |
| 0:08 | Queue | Villager (Male) |
| 0:08 | Queue | Villager (Male) |
| 0:09 | Queue | Villager (Male) |
| 1:24 | Queue | Villager (Male) |
| 2:02 | Queue | Villager (Male) |
| 2:03 | Queue | Villager (Male) |
| 2:22 | Build | Mill |
| 2:30 | Queue | Villager (Male) |
| 2:30 | Queue | Villager (Male) |
| 2:59 | Queue | Villager (Male) |
| 2:59 | Queue | Villager (Male) |
| 2:59 | Queue | Villager (Male) |
| 3:32 | Queue | Villager (Male) |
| 3:54 | Build | House |
| 3:58 | Queue | Villager (Male) |
| 3:58 | Queue | Villager (Male) |
| 4:15 | Build | House |
| 4:19 | Queue | Villager (Male) |
| 4:46 | Build | Lumber Camp |
| 5:08 | Queue | Villager (Male) |
| 5:10 | Queue | Villager (Male) |
| 5:34 | Queue | Villager (Male) |
| 5:37 | Research | Loom |
| 6:08 | Queue | Villager (Male) |
| 7:00 | Research | Feudal Age |
| 7:35 | Build | Mining Camp |
| 7:54 | Build | House |
| 8:00 | Build | Palisade Wall |
| 8:01 | Build | Palisade Wall |
| 8:32 | Build | Palisade Wall |
| 9:10 | Queue | Villager (Male) |
| 9:10 | Age | Feudal Age |
| 9:13 | Build | Palisade Wall |
| 9:22 | Build | Palisade Wall |
| 9:40 | Queue | Villager (Male) |
| 9:45 | Build | Watch Tower |
| 10:03 | Queue | Villager (Male) |
| 10:13 | Build | Watch Tower |
| 10:17 | Build | Palisade Wall |
| 10:21 | Build | Palisade Wall |
| 10:23 | Build | Palisade Wall |
| 10:27 | Queue | Villager (Male) |
| 10:46 | Build | Palisade Wall |
| 10:47 | Build | Palisade Wall |
| 10:51 | Queue | Villager (Male) |
| 11:17 | Build | Watch Tower |
| 11:19 | Queue | Villager (Male) |
| 11:27 | Build | House |
| 11:45 | Build | Palisade Wall |
| 11:47 | Build | Palisade Wall |
| 11:50 | Build | Palisade Wall |
| 11:52 | Build | Palisade Wall |
| 12:05 | Queue | Villager (Male) |
| 12:11 | Build | Blacksmith |
| 12:20 | Build | Palisade Wall |
| 12:32 | Queue | Villager (Male) |
| 12:38 | Build | Watch Tower |
| 12:47 | Queue | Villager (Male) |
| 12:53 | Research | Fletching |
| 13:04 | Queue | Villager (Male) |
| 13:30 | Build | Farm |
| 13:30 | Build | Farm |
| 13:30 | Build | Farm |
| 13:31 | Build | Farm |
| 13:33 | Queue | Villager (Male) |
| 13:39 | Build | Palisade Wall |
| 13:40 | Build | Palisade Wall |
| 14:01 | Build | Watch Tower |
| 14:07 | Build | Palisade Wall |
| 14:11 | Queue | Villager (Male) |
| 14:16 | Build | Farm |
| 14:17 | Build | Farm |
| 14:18 | Build | Farm |
| 14:51 | Queue | Villager (Male) |
| 14:51 | Queue | Villager (Male) |
| 14:52 | Build | Farm |
| 14:52 | Build | Farm |
| 14:53 | Build | Farm |
| 15:17 | Queue | Villager (Male) |
| 15:17 | Queue | Villager (Male) |
| 15:20 | Build | House |
| 15:47 | Queue | Villager (Male) |
| 15:49 | Build | House |
| 15:50 | Build | House |
| 16:30 | Queue | Villager (Male) |
| 16:32 | Build | Farm |
| 16:32 | Build | Farm |
| 16:55 | Queue | Villager (Male) |
| 16:57 | Build | Farm |
| 16:58 | Build | Farm |
| 17:30 | Queue | Villager (Male) |
| 17:33 | Build | Mining Camp |
| 17:47 | Build | Lumber Camp |
| 17:53 | Queue | Villager (Male) |
| 17:59 | Build | House |
| 18:22 | Queue | Villager (Male) |
| 18:32 | Build | Watch Tower |
| 18:43 | Build | Barracks |
| 18:47 | Queue | Villager (Male) |
| 18:47 | Queue | Villager (Male) |
| 19:32 | Build | Stable |
| 19:36 | Queue | Villager (Male) |
| 19:49 | Build | Farm |
| 19:50 | Build | Farm |
| 19:58 | Queue | Villager (Male) |
| 20:24 | Build | Palisade Wall |
| 20:29 | Build | Farm |
| 20:31 | Queue | Villager (Male) |
| 20:34 | Build | Watch Tower |
| 20:37 | Build | Watch Tower |
| 21:10 | Queue | Villager (Male) |
| 21:35 | Research | Castle Age |
| 21:36 | Research | Castle Age |
| 22:07 | Build | Stable |
| 22:10 | Build | Farm |
| 22:28 | Research | Bloodlines |
| 22:35 | Research | Scale Barding Armor |
| 22:35 | Research | Scale Barding Armor |
| 22:41 | Build | Farm |
| 22:43 | Build | Farm |
| 22:46 | Build | Stable |
| 22:59 | Build | House |
| 23:00 | Build | House |
| 23:42 | Build | Mill |
| 23:51 | Build | Farm |
| 23:51 | Build | Farm |
| 23:52 | Build | Farm |
| 23:52 | Build | Farm |
| 23:55 | Research | Double-Bit Axe |
| 24:00 | Research | Horse Collar |
| 24:11 | Build | House |
| 24:15 | Age | Castle Age |
| 24:18 | Queue | Knight |
| 24:19 | Queue | Knight |
| 24:19 | Queue | Knight |
| 24:27 | Queue | Villager (Male) |
| 24:28 | Build | Farm |
| 24:40 | Queue | Villager (Male) |
| 24:45 | Queue | Knight |
| 24:45 | Queue | Knight |
| 24:49 | Queue | Knight |
| 24:49 | Queue | Knight |
| 25:28 | Queue | Knight |
| 25:28 | Queue | Knight |
| 25:29 | Queue | Knight |
| 25:44 | Queue | Villager (Male) |
Match timeline
| 4:14 | Vegeta · wall_segment Palisade Wall x1 |
| 4:15 | Vegeta · wall_segment Palisade Wall x1 |
| 4:17 | Vegeta · wall_segment Palisade Wall x5 |
| 7:42 | Vegeta · first_building Barracks |
| 8:00 | Lord_calderon · wall_segment Palisade Wall x3 |
| 8:01 | Lord_calderon · wall_segment Palisade Wall x3 |
| 8:30 | Vegeta · age_up feudal |
| 8:32 | Lord_calderon · wall_segment Palisade Wall x1 |
| 8:39 | Vegeta · first_building Stable |
| 9:10 | Lord_calderon · age_up feudal |
| 9:13 | Lord_calderon · wall_segment Palisade Wall x1 |
| 9:22 | Lord_calderon · wall_segment Palisade Wall x1 |
| 9:44 | Vegeta · wall_segment Palisade Wall x5 |
| 10:17 | Lord_calderon · wall_segment Palisade Wall x1 |
| 10:21 | Lord_calderon · wall_segment Palisade Wall x1 |
| 10:23 | Lord_calderon · wall_segment Palisade Wall x1 |
| 10:46 | Lord_calderon · wall_segment Palisade Wall x1 |
| 10:47 | Lord_calderon · wall_segment Palisade Wall x2 |
| 11:45 | Lord_calderon · wall_segment Palisade Wall x1 |
| 11:47 | Lord_calderon · wall_segment Palisade Wall x1 |
| 11:50 | Lord_calderon · wall_segment Palisade Wall x1 |
| 11:52 | Lord_calderon · wall_segment Palisade Wall x1 |
| 12:20 | Lord_calderon · wall_segment Palisade Wall x1 |
| 13:39 | Lord_calderon · wall_segment Palisade Wall x1 |
| 13:40 | Lord_calderon · wall_segment Palisade Wall x1 |
| 14:07 | Lord_calderon · wall_segment Palisade Wall x1 |
| 16:04 | Vegeta · first_building Archery Range |
| 18:43 | Lord_calderon · first_building Barracks |
| 19:32 | Lord_calderon · first_building Stable |
| 20:24 | Lord_calderon · wall_segment Palisade Wall x1 |
| 20:52 | Vegeta · wall_segment Palisade Wall x2 |
| 20:54 | Vegeta · wall_segment Palisade Wall x3 |
| 20:55 | Vegeta · wall_segment Palisade Wall x1 |
| 24:15 | Lord_calderon · age_up castle |
| 25:13 | Vegeta · first_market_buy 100 food |
| 25:14 | Vegeta · first_market_sell 100 wood |
| 27:47 | Vegeta · wall_segment Palisade Wall x1 |
| 28:17 | Vegeta · age_up castle |
| 28:53 | Vegeta · first_building Monastery |
| 32:37 | Vegeta · resign |
[ AI ANALYSIS · 1 CREDIT ]
What really happened in this match?
Wolo.gg analyzes every decision: build order, eco, micro, common mistakes by bracket. Personalized analysis on WhatsApp or Discord in 30 seconds.
Civ guide
Mongols
Perfil
Vegeta